Lonneliath, chaotic female elven Ranger ----- |....# |...|# ------- #-....#@a |..I..| #--|--d |..?..-( ### ## |[....|# # # |.)...|# # |.%...|# # -------# # ### ----.- # |....| ##-.<|.| |....| |....| ------ Lonneliath the Lookout Experience level: 5 Strength: 15 Dexterity: 10 Constitution: 16 Intelligence: 14 Wisdom: 13 Charisma: 8 Health: 0(34) Energy: 27(27) Def: 5 Gold: 297 Moves: 2889 Dungeon seed: uv308zqPLGM9uCT1 Game ID: Lonneliath_1474475266 Your Inventory: Coins $ - 297 gold pieces Weapons a - a +1 elven dagger (alternate weapon; not wielded) b - a +1 elven bow (weapon in hand) c - 46 +2 elven arrows (in quiver) d - 38 +0 elven arrows g - 14 +0 darts n - 4 +0 arrows o - a blessed +0 orcish dagger named lockbane p - 5 blessed +0 darts Armor e - an uncursed +2 elven cloak (being worn) r - an uncursed +0 dwarvish cloak y - an uncursed +0 pair of iron shoes (being worn) Comestibles f - 3 uncursed lembas wafers k - an uncursed cherry E - an uncursed cram ration Scrolls q - an uncursed scroll of magic mapping v - a blessed scroll of light x - 3 uncursed scrolls of blank paper A - a cursed scroll of blank paper H - a blessed scroll of punishment K - an uncursed scroll of enchant weapon L - an uncursed scroll of remove curse O - an uncursed scroll of light Potions h - an uncursed potion of water i - 2 uncursed potions of healing I - a cursed potion of levitation J - an uncursed potion of gain energy Q - a blessed potion of invisibility Rings l - a cursed ring of stealth m - an uncursed ring of invisibility Wands t - a wand of teleportation (0:5) Tools w - an uncursed magic whistle B - an uncursed bell C - an uncursed skeleton key F - an uncursed mirror G - an uncursed mirror Gems z - an uncursed turquoise stone N - an uncursed worthless piece of yellowish brown glass Y - 2 uncursed worthless pieces of red glass Spells and supernatural/magical abilities: Name Level Category Fail Memory W - pray for help -- divine ? -- Your skills at the end: Fighting Skills Weapon Skills dagger [Basic] bow [Basic] Spellcasting Skills Final Attributes: You were piously aligned. You were sleep resistant. You were telepathic. You had automatic searching. You had infravision. You were stealthy. You are dead. Vanquished creatures: a gnome mummy a yellow light a violet fungus 3 elf zombies a paper golem a giant ant a little dog 2 floating eyes a dwarf a kobold lord a rothe a rabid rat a centipede a wererat an iguana an acid blob 2 coyotes a manes 2 large kobolds 3 giant rats a garter snake 3 jackals 2 kobolds 4 sewer rats 6 grid bugs 3 lichens 2 newts 48 creatures vanquished. Voluntary challenges: You used a wielded weapon 56 times, starting on turn 32. You read items or engraved 10 times, starting on turn 1387. You never genocided any monsters. You never polymorphed an object. You never changed form. You used no wishes. You never split a pudding. You wrote Elbereth's name 9 times, starting on turn 1387. You never violated your personal moral code. Dungeon overview: The Dungeons of Doom: levels 1 to 7 Level 1 a sink a long staircase Level 2 an altar to Mars, a fountain Level 3 Level 4 a fountain, a sink stairs to The Gnomish Mines Level 5 a fountain, a sink Level 6 many fountains Level 7 <- You were here a general store The Gnomish Mines: Level 5 stairs to The Dungeons of Doom History has recorded: On T:1 you entered the Dungeons of Doom to retrieve the Amulet of Yendor! On T:155 you reached level 2 of The Dungeons of Doom. On T:408 you reached level 3 of The Dungeons of Doom. On T:705 you advanced to experience level 2. On T:829 you reached level 4 of The Dungeons of Doom. On T:992 you advanced to experience level 3. On T:1018 you reached level 1 of The Gnomish Mines. On T:1159 you reached level 5 of The Dungeons of Doom. On T:1427 you reached level 6 of The Dungeons of Doom. On T:1545 you advanced to experience level 4. On T:2093 you reached level 7 of The Dungeons of Doom. On T:2211 you advanced to experience level 5. Score breakdown: Gold: 297 ( 8416 points) Experience: 5 levels (11141 points) Exploration: 7 levels ( 14.58%) (10718 points) Discoveries: 3 items ( 1.03%) ( 3051 points) Valuables value: (no points given unless you survive) Artifact value: 0 ( 0 points) Variety of kills: 27 monsters ( 7.09%) ( 7986 points) Turncount: 2889 turns ( -544 points) Survival: died (score multiplied by 80%) Total score: 32614 Latest messages: You kill the rothe! You displace Polaris. c - a +2 elven arrow (in quiver). (2x) You see here a rothe corpse. Polaris eats a rothe corpse. c - a +2 elven arrow (in quiver). c - 2 +2 elven arrows (in quiver). You find a level teleporter. You displace Polaris. You see here a pick-axe. You displace Polaris. You stop exploring. You begin bashing monsters with your elven bow. You hit the soldier ant. The soldier ant misses. The soldier ant stings! You write in the dust with your fingers. The soldier ant bites! The soldier ant stings! The soldier ant bites! The soldier ant stings! You die... Final status: Goodbye Lonneliath the Ranger, killed by a soldier ant... You died in The Dungeons of Doom on dungeon level 7 with 32614 points, and 297 pieces of gold, after 2889 moves. You were level 5 with a maximum of 34 hit points when you died.